 Dungeon Crawl Stone Soup version 0.20.0-8-g6b59dc7 (webtiles) character file.

12558 MDvedh the Grappler (level 11, -1/109 HPs)
             Began as a Troll Warper on June 2, 2017.
             Was a Priest of Cheibriados.
             Slain by Urug
             ... wielding a +6 great sword
              (32 damage)
             ... on level 10 of the Dungeon.
             The game lasted 00:16:27 (7296 turns).

MDvedh the Grappler (Troll Warper)                  Turns: 7296, Time: 00:16:27

Health: -1/109     AC:  9    Str: 30    XL:     11   Next: 64%
Magic:  8/14       EV: 15    Int: 17    God:    Cheibriados [***...]
Gold:   404        SH:  0    Dex: 19    Spells: 8/12 levels left

rFire    + . .     SeeInvis .     - Unarmed
rCold    + . .     Gourm    +   (no shield)
rNeg     + . .     Faith    .   E - +2 robe {rN+}
rPois    .         Spirit   .   (helmet restricted)
rElec    .         Reflect  .   y - +1 cloak
rCorr    .         Harm     .   (gloves unavailable)
MR       .....                  (boots unavailable)
Stlth    ++........             (no amulet)
Regen    1.1/turn               L - ring of wizardry
MPRegen  0.2/turn               u - ring of protection from fire

@: very slightly contaminated, slowed, invisible, very slow
A: unfitting armour, claws 3, agile 1, cold resistance 1, fast metabolism 3,
gourmand, regeneration 2, shaggy fur 1, tough skin 2, weak 1
a: Bend Time, Temporal Distortion, Renounce Religion


You were on level 10 of the Dungeon.
You worshipped Cheibriados.
Cheibriados was most pleased with you.
You were very full.

You visited 2 branches of the dungeon, and saw 11 of its levels.

You collected 453 gold pieces.
You spent 49 gold pieces at shops.

Inventory:

Missiles
 d - 11 tomahawks of dispersal (quivered)
 t - 11 tomahawks
Armour
 y - a +1 cloak (worn)
 E - a +2 robe of positive energy (worn)
 R - a +2 robe of resistance
 S - +0 acid dragon scales
Jewellery
 j - an uncursed ring of ice
 u - a ring of protection from fire (right claw)
 L - a ring of wizardry (left claw)
Wands
 v - a wand of polymorph (18/24)
 B - a wand of iceblast (5/15)
 G - a wand of acid (4/15)
 J - a wand of paralysis (11/24)
 N - a wand of digging (12/24)
 O - a wand of digging (17/24)
 P - a wand of lightning (8/15)
Scrolls
 a - a scroll of enchant armour
 k - 4 scrolls of teleportation
 l - 3 scrolls of enchant weapon
 q - a scroll of silence
 x - 2 scrolls of identify
 K - 2 scrolls of amnesia
Potions
 i - a potion of agility {unknown}
 n - 2 potions of degeneration {unknown}
 o - a potion of haste {unknown}
 p - a potion of berserk rage {unknown}
 r - 6 potions of curing
 s - a potion of lignification {unknown}
 w - a potion of resistance {unknown}
 z - a potion of mutation {unknown}
 A - 3 potions of brilliance {unknown}
 C - a potion of ambrosia
 F - a potion of magic {unknown}
 H - a potion of flight {unknown}
Books
 b - a book of Spatial Translocations

   Spells                             Type                      Level
   a - Blink                          Translocation                2
   b - Shroud of Golubria             Charms/Translocation         2
   c - Lesser Beckoning               Translocation                3
   d - Gell's Gravitas                Translocation                3
   e - Teleport Other                 Translocation                3
   f - Passage of Golubria            Translocation                4
 I - a book of Enchantments

   Spells                             Type                      Level
   a - Cause Fear                     Hexes                        4
   b - Yara's Violent Unravelling     Hexes/Transmutation          5
   c - Silence                        Hexes/Air                    5
   d - Deflect Missiles               Charms/Air                   6
   e - Discord                        Hexes                        8
 M - a book of Conjurations

   Spells                             Type                      Level
   a - Magic Dart                     Conjuration                  1
   b - Searing Ray                    Conjuration                  2
   c - Dazzling Spray                 Conjuration/Hexes            3
   d - Fulminant Prism                Conjuration/Hexes            4
   e - Force Lance                    Conjuration/Translocation    4
   f - Iskenderun's Mystic Blast      Conjuration                  4
Comestibles
 f - 5 bread rations
 g - 7 meat rations
 h - 14 royal jellies
 D - 7 fruits


   Skills:
 + Level 7.0 Fighting
 - Level 0.8 Throwing
 + Level 7.1 Dodging
 * Level 12.8 Unarmed Combat
 - Level 1.2 Spellcasting
 - Level 2.1 Translocations
 + Level 6.5 Invocations


You had 8 spell levels left.
You knew the following spells:

 Your Spells              Type           Power        Failure   Level  Hunger
a - Blink                 Tloc           N/A          5%          2    ###....
b - Shroud of Golubria    Chrm/Tloc      #.........   9%          2    ###....


Dungeon Overview and Level Annotations

Branches:
Dungeon (10/15)            Temple (1/1) D:4            Lair (0/6) D:10
    Orc: D:9-12

Altars:
Ashenzari
Cheibriados
Dithmenos
Elyvilon
Fedhas
Gozag
Hepliaklqana
Kikubaaqudgha
Makhleb
Nemelex Xobeh
Okawaru
Qazlal
Ru
Sif Muna
Trog
Uskayaw
Vehumet
Xom
Yredelemnul
Zin
The Shining One

Shops:
D:4 [   D:5 *   D:6 }

Annotations:
D:4 1 runed door
D:10 Urug


Innate Abilities, Weirdness & Mutations

You are too large for most types of armour.
You have claws for hands.
Your metabolism is lightning-fast.
You like to eat raw meat.
You heal very quickly.
You are covered in fur. (AC +1)
You have very tough skin. (AC +2)
You are agile. (Dex +2)
Your flesh is cold resistant. (rC+)
You are weak. (Str -2)


Message History

Blink to where?
Press: ? - help, Dir - move target cursor You are very lightly contaminated with residual magic.
As you read the scroll of blinking, it crumbles to dust.
Okay, then.
Unknown command.
Urug screams, "Payback for my eye!"
Blink to where?
Press: ? - help, Dir - move target cursor
As you read the scroll of blinking, it crumbles to dust.
All of the chunks of flesh in your inventory have rotted away.
Urug misses you.
Okay, then.
You fade into invisibility!
Urug hits you with an enchanted great sword!!
* * * LOW HITPOINT WARNING * * *
Unknown command.
Urug barely misses you.
Urug hits you with an enchanted great sword!!
You die...

#..# #..# ### #..# ... #..###
#.# #....# #.# #.##.#
#.########## #.##.#
#.#..§.....###############>##.#
#.#W######....Wo@..........##.#
.≈.†(.# ####################.#
#.###.# #.# ### #)# #.# . #.#
#.# .. #.# #.# ... #.# ###.###
?..##.# #<..... ..[##..
#####.#.###


You could see Urug and a wraith.

Vanquished Creatures
  Josephine (D:10)
  Erolcha (D:10)
  3 two-headed ogres
  A death yak (D:9)
  Pikel (D:8)
  A centaur zombie (D:10)
  Maurice (D:8)
  3 hornets (D:8)
  2 hippogriffs
  Sigmund (D:6)
  4 wraiths (D:10)
  The ghost of Bareth the Ruffian, an amateur TrMo (D:4)
  A hungry ghost (D:7)
  Grum (D:10)
  An acid dragon (D:10)
  A soldier ant (D:8)
  4 orc warriors
  A black bear (D:9)
  3 ice beasts
  5 sky beasts
  A slave (D:8)
  2 necrophages (D:9)
  2 phantoms
  5 ogres
  4 wolves (D:10)
  6 centaurs
  A big kobold (D:6)
  8 bullfrogs
  4 scorpions
  3 killer bees (D:9)
  5 wights
  2 howler monkeys (D:9)
  3 crimson imps
  5 hounds
  4 orc priests
  2 bullfrog skeletons
  A centaur skeleton (D:9)
  2 jellies
  Jessica (D:3)
  8 orc wizards
  3 iguanas
  4 worker ants
  A killer bee zombie (D:9)
  A worker ant zombie (D:6)
  2 howler monkey zombies
  2 howler monkey skeletons
  12 adders
  A shadow imp (D:5)
  2 adder zombies
  3 worms
  A dart slug (D:2)
  4 leopard geckos
  30 orcs
  11 bats
  A bat zombie (D:4)
  4 giant cockroaches
  3 goblins
  8 hobgoblins
  11 jackals
  3 quokkas
  3 ball pythons
  3 frilled lizards
  A jackal skeleton (D:4)
  10 kobolds
  A leopard gecko skeleton (D:4)
  2 quokka zombies (D:5)
  8 rats
  3 rat zombies (D:4)
244 creatures vanquished.

Vanquished Creatures (others)
  A black bear (D:8)
  A slave (D:8)
  An ogre (D:8)
  An adder (D:8)
4 creatures vanquished.

Grand Total: 248 creatures vanquished

Notes
Turn   | Place    | Note
-------+----------+-------------------------------------------
     0 | D:1      | MDvedh the Troll Warper began the quest for the Orb.
     0 | D:1      | Reached XP level 1. HP: 19/19 MP: 1/1
   451 | D:1      | Reached XP level 2. HP: 26/27 MP: 2/2
   813 | D:2      | Reached skill level 3 in Unarmed Combat
   868 | D:2      | Learned a level 2 spell: Blink
   921 | D:2      | Reached XP level 3. HP: 27/33 MP: 3/3
  1044 | D:2      | Found a sparkling altar of Nemelex Xobeh.
  1368 | D:2      | Reached skill level 4 in Unarmed Combat
  1467 | D:3      | Noticed Jessica
  1478 | D:3      | Killed Jessica
  1478 | D:3      | Reached XP level 4. HP: 38/41 MP: 4/4
  1590 | D:3      | Noticed a bullfrog
  1599 | D:3      | Killed a bullfrog
  1599 | D:3      | Reached skill level 5 in Unarmed Combat
  1599 | D:3      | Reached XP level 5. HP: 35/48 MP: 5/5
  1742 | D:3      | Found a hide-covered altar of Uskayaw.
  1832 | D:3      | Found a hazy altar of Hepliaklqana.
  2045 | D:4      | Reached skill level 6 in Unarmed Combat
  2277 | D:4      | Found a runed door.
  2277 | D:4      | Noticed a human
  2284 | D:4      | Found a basalt altar of Yredelemnul.
  2295 | D:4      | Found Paleaross's Armour Shoppe.
  2316 | D:4      | Bought a +0 cloak for 49 gold pieces
  2325 | D:4      | You fall through a shaft!
  2325 | D:5      | Entered Level 5 of the Dungeon
  2325 | D:5      | Noticed an ogre
  2333 | D:5      | Killed an ogre
  2333 | D:5      | Reached XP level 6. HP: 11/55 MP: 6/6
  2493 | D:4      | Found an ancient bone altar of Kikubaaqudgha.
  2507 | D:4      | Noticed Bareth's ghost (amateur TrMo)
  2655 | D:4      | Killed Bareth's ghost
  2655 | D:4      | Reached skill level 7 in Unarmed Combat
  2776 | D:4      | Found a staircase to the Ecumenical Temple.
  2783 | D:4      | Reached XP level 7. HP: 54/65 MP: 7/7
  2791 | Temple   | Entered the Ecumenical Temple
  2853 | Temple   | Became a worshipper of Cheibriados the Contemplative
  3195 | D:5      | Gained mutation: You are weak. (Str -2) [mutagenic meat]
  3196 | D:5      | Gained mutation: You heal very quickly. [mutagenic meat]
  3197 | D:5      | Gained mutation: Your flesh is cold resistant. (rC+) [mutagenic meat]
  3198 | D:5      | Gained mutation: You are agile. (Dex +2) [mutagenic meat]
  3289 | D:5      | Found an opulent altar of Gozag.
  3462 | D:5      | Reached skill level 8 in Unarmed Combat
  3468 | D:5      | Found a radiant altar of Vehumet.
  3486 | D:5      | Found Renex's Serpentskin Sales.
  3551 | D:5      | Reached * piety under Cheibriados
  3590 | D:5      | Reached XP level 8. HP: 74/75 MP: 8/8
  3653 | D:6      | Found a glowing silver altar of Zin.
  3654 | D:6      | Found a white marble altar of Elyvilon.
  3663 | D:6      | Found a stormy altar of Qazlal.
  3675 | D:6      | Found a sparkling altar of Nemelex Xobeh.
  3792 | D:6      | Reached skill level 1 in Invocations
  4005 | D:6      | Reached ** piety under Cheibriados
  4110 | D:6      | Reached skill level 9 in Unarmed Combat
  4279 | D:6      | Found Lineh's Gadget Emporium.
  4291 | D:6      | Noticed Sigmund
  4302 | D:6      | Killed Sigmund
  4302 | D:6      | Reached XP level 9. HP: 78/84 MP: 8/10
  4336 | D:6      | Found a basalt altar of Yredelemnul.
  4661 | D:7      | Reached skill level 10 in Unarmed Combat
  4895 | D:7      | Reached *** piety under Cheibriados
  4940 | D:7      | Reached skill level 5 in Dodging
  5052 | D:7      | Learned a level 2 spell: Shroud of Golubria
  5407 | D:7      | Noticed a two-headed ogre
  5418 | D:7      | Killed a two-headed ogre
  5418 | D:7      | Reached skill level 5 in Fighting
  5418 | D:7      | Reached XP level 10. HP: 76/96 MP: 12/12
  5645 | D:8      | Noticed a two-headed ogre
  5652 | D:8      | Killed a two-headed ogre
  5652 | D:8      | Reached skill level 11 in Unarmed Combat
  5697 | D:8      | Reached **** piety under Cheibriados
  5736 | D:8      | Noticed Pikel
  5744 | D:8      | Paralysed by Pikel for 2 turns
  5747 | D:8      | Killed Pikel
  5747 | D:8      | Reached skill level 5 in Invocations
  5947 | D:8      | Noticed Maurice
  5950 | D:8      | Killed Maurice
  6019 | D:8      | Paralysed by a hornet for 1 turns
  6146 | D:9      | Noticed a two-headed ogre
  6157 | D:9      | Killed a two-headed ogre
  6239 | D:9      | Reached skill level 12 in Unarmed Combat
  6276 | D:9      | Reached XP level 11. HP: 102/105 MP: 14/14
  6490 | D:9      | Found a blossoming altar of Fedhas.
  6629 | D:9      | Found a deep blue altar of Sif Muna.
  6757 | D:9      | Found a shadowy altar of Dithmenos.
  6942 | D:9      | Reached ***** piety under Cheibriados
  7053 | D:10     | Entered Level 10 of the Dungeon
  7053 | D:10     | Found a staircase to the Lair.
  7053 | D:10     | Noticed a death yak
  7053 | D:10     | Noticed a death yak
  7053 | D:10     | Noticed a death yak
  7055 | D:10     | Noticed a death yak
  7056 | D:10     | Noticed a death yak
  7064 | D:9      | Killed a death yak
  7123 | D:10     | Noticed Grum
  7138 | D:10     | Killed Grum
  7252 | D:10     | Noticed Erolcha
  7257 | D:10     | Killed Erolcha
  7269 | D:10     | Noticed Josephine
  7270 | D:10     | Noticed Urug
  7276 | D:10     | Killed Josephine
  7296 | D:10     | Slain by Urug

Skill      XL: |  1  2  3  4  5  6  7  8  9 10 11 |
---------------+----------------------------------+-----
Unarmed Combat | 3 4 5 6 7 8 9 10 12 | 12.8
Dodging        | 2 3 4 5 6 7 |  7.1
Fighting       | 2 3 4 5 6 7 |  7.0
Invocations    | 2 4 5 6 |  6.5
Throwing       | |  0.8
Spellcasting   | |  1.2
Translocations | |  2.1

Action                   |  1- 3 |  4- 6 |  7- 9 | 10-12 || total
-------------------------+-------+-------+-------+-------++-------
Melee: Unarmed           |   124 |   114 |   289 |   197 ||   724
       Punch             |       |       |    12 |    15 ||    27
Invok: Slouch            |       |       |       |     4 ||     4
  Use: Scroll            |       |    10 |     1 |     6 ||    17
       Potion            |       |     1 |       |     6 ||     7
 Stab: Distracted        |       |       |     1 |       ||     1
       Sleeping          |       |       |       |     4 ||     4
  Eat: Chunk             |    13 |    10 |    30 |    15 ||    68
       Meat ration       |       |       |     1 |       ||     1
Armor: Robe              |    38 |    43 |    97 |    53 ||   231
Dodge: Dodged            |    53 |    57 |   155 |   143 ||   408
